 Dungeon Crawl Stone Soup version 0.30-a0-782-ge64f9170bb (console) character file.

Game seed: 11832871639131002186

20375 utis the Fighter (level 12, -1/78 HPs)
             Began as a Tengu Summoner on Mar 9, 2023.
             Hit by a large rock thrown by a cyclops (41 damage)
             ... on level 12 of the Dungeon.
             The game lasted 00:51:40 (14860 turns).

utis the Fighter (Tengu Summoner)                  Turns: 14860, Time: 00:51:41

Health: -1/78      AC: 10    Str: 11    XL:     12   Next: 78%
Magic:  17/20      EV: 20    Int: 23    God:
Gold:   661        SH:  0    Dex: 16    Spells: 1/21 levels left

rFire   . . .      SeeInvis .    O - +2 halberd (elec)
rCold   . . .      Faith    .    (shield currently unavailable)
rNeg    . . .      Spirit   .    n - +0 ring mail
rPois   .          Reflect  .    (helmet restricted)
rElec   .          Harm     .    v - +0 cloak
rCorr   .          Rampage  .    l - +0 pair of gloves
Will    .....                    (boots unavailable)
Stlth   +                        (no amulet)
HPRegen 0.33/turn                E - +5 ring of evasion
MPRegen 0.17/turn                I - +6 ring of intelligence

@: flying quickly and evasively, quick
A: beak, talons 3, nimble flight
a: no special abilities


You were on level 12 of the Dungeon.
You visited 1 branch of the dungeon, and saw 12 of its levels.
You also visited: Bailey.

You collected 661 gold pieces.

Inventory:

Hand Weapons
 a - a +2 halberd of draining
 y - a +2 whip of pain
 M - the +6 shillelagh "Devastator" {shatter}
   (You found it on level 10 of the Dungeon)
 N - the +9 whip "Hinapt" {flame, rC+ Will+++ Int-2}
   (You found it on level 5 of the Dungeon)

   Int:       It affects your intelligence (-2).
   rC:        It protects you from cold.
   Will:      It greatly increases your willpower.
 O - a +2 halberd of electrocution (weapon)
Missiles
 u - 120 stones
 R - 3 atropa-tipped darts
Armour
 h - a +0 scale mail
 l - a +0 pair of gloves (worn)
 n - a +0 ring mail (worn)
 v - a +0 cloak (worn)
Jewellery
 E - a +5 ring of evasion (left hand)
 H - an amulet of faith {!P}
 I - a +6 ring of intelligence (right hand)
Wands
 m - a wand of charming (6)
 s - a wand of flame (15)
 w - a wand of quicksilver (5)
 L - a wand of polymorph (11)
Scrolls
 b - a scroll of brand weapon {unknown}
 c - 2 scrolls of poison
 d - 2 scrolls of teleportation {@r4}
 p - a scroll of noise {unknown}
 t - 2 scrolls of fog
 x - 2 scrolls of silence {!r}
 B - 2 scrolls of amnesia
 D - a scroll of enchant armour {unknown}
 F - 4 scrolls of blinking
 G - a scroll of fear {unknown}
 K - 2 scrolls of vulnerability
 S - a scroll of enchant weapon
Potions
 e - 5 potions of lignification
 f - 5 potions of heal wounds {@q2}
 g - 3 potions of invisibility
 i - a potion of berserk rage {!q}
 j - 8 potions of brilliance
 k - 8 potions of curing {@q1}
 o - 2 potions of ambrosia
 q - 4 potions of haste {@q3}
 z - a potion of flight {unknown}
 A - 3 potions of might
 C - 8 potions of magic
 J - a potion of attraction {unknown}
 P - a potion of resistance {unknown}
 Q - a potion of cancellation {unknown}
Miscellaneous
 r - a phantom mirror


   Skills:
 + Level 10.4 Fighting
 - Level 2.0 Maces & Flails
 - Level 6.3 Polearms
 - Level 2.0 Throwing
 - Level 9.8 Armour
 + Level 6.0 Dodging
 - Level 2.0 Stealth
 + Level 5.3 Spellcasting
 + Level 4.7 Conjurations
 - Level 3.0 Hexes
 - Level 10.0 Summonings
 + Level 2.4 Ice Magic
 + Level 9.0 Air Magic
 - Level 3.0 Poison Magic


You had one spell level left.
You knew the following spells:

 Your Spells              Type           Power      Damage    Failure   Level
b - Summon Ice Beast      Ice/Summ       34%        N/A       14%         4
c - Mephitic Cloud        Conj/Pois/Air  31%        N/A       5%          3
d - Summon Guardian Gole  Hex/Summ       36%        N/A       3%          3
f - Call Canine Familiar  Summ           51%        N/A       1%          3
p - Call Imp              Summ           51%        N/A       1%          2
t - Summon Lightning Spi  Summ/Air       50%        N/A       3%          4
z - Summon Small Mammal   Summ           100%       N/A       1%          1

Your spell library contained the following spells:

 Spells                   Type           Power      Damage    Failure   Level
 Magic Dart               Conj           100%       1d8       2%          1
 Sandblast                Erth           12%        2d6       19%         1
 Static Discharge         Conj/Air       74%        2-6/arc   1%          2
 Swiftness                Air            47%        N/A       1%          3
 Cigotuvi's Dreadful Rot  Necr/Pois/Air  48%        N/A       5%          2
 Ensorcelled Hibernation  Hex/Ice        36%        N/A       9%          2
 Vhi's Electric Charge    Tloc/Air       54%        N/A       9%          3
 Kindle Blastsparks       Fire/Tloc/Air  40%        2d13      16%         3
 Frozen Ramparts          Ice            34%        1d6       21%         3
 Ozocubu's Armour         Ice            17%        N/A       21%         3
 Stone Arrow              Conj/Erth      34%        3d9       21%         3
 Animate Armour           Summ/Erth      58%        N/A       24%         4
 Passwall                 Tmut/Erth      5%         N/A       28%         2
 Arcjolt                  Conj/Air       18%        1d28      30%         5
 Lightning Bolt           Conj/Air       18%        1d33      30%         5
 Ignite Poison            Fire/Tmut/Pois 10%        N/A       36%         3
 Silence                  Hex/Air        16%        N/A       38%         5
 Freezing Cloud           Conj/Ice/Air   15%        6-21      47%         5
 Ice Form                 Ice/Tmut       11%        N/A       73%         4
 Metabolic Englaciation   Hex/Ice        9%         N/A       86%         5
 Manifold Assault         Tloc           6%         N/A       88%         4
 Passage of Golubria      Tloc           6%         N/A       88%         4
 Blade Hands              Tmut           3%         N/A       99%         5
 Dispersal                Tloc           3%         N/A       100%        6
 Iron Shot                Conj/Erth      8%         9d3       100%        6
 Simulacrum               Ice/Necr       5%         N/A       100%        6
 Disjunction              Tloc           3%         N/A       100%        8
 Lehudib's Crystal Spear  Conj/Erth      8%         10d4      100%        8


Dungeon Overview and Level Annotations

Branches:
Dungeon (12/15)            Temple (0/1) D:4            Lair (0/5) D:9
    Orc (0/2) D:10         Bailey (visited)

Altars:
Fedhas
Ru

Shops:
D:10 [

Portals:
Gauntlet: D:12


Innate Abilities, Weirdness & Mutations

You have a beak for a mouth.
You have claws for feet.
Your magical nature lets you fly swiftly and evasively.


Message History

You start resting.
Your magical contamination has completely faded away.
You start resting.
A troll comes into view.
The troll bites your ice beast! The troll claws your ice beast. x2
Your ice beast hits the troll.
Your ice beast freezes the troll!
The troll bites your ice beast!
Your ice beast dies!
Your ice beast disappears in a puff of smoke!
You barely miss the troll. You claw the troll, but do no damage.
You peck the troll.
The troll is moderately wounded.
The troll completely misses you. The troll closely misses you.
The troll claws you.
You barely miss the troll. You claw the troll.
The troll is heavily wounded.
The troll misses you.
The troll claws you but does no damage. x2
You hit the troll. You claw the troll!
The troll is severely wounded.
The troll bites you! The troll claws you.
* * * LOW HITPOINT WARNING * * *
The troll completely misses you.
You hit the troll. You claw the troll!
You kill the troll!
The troll leather armour is intact enough to wear.
No target in view!
You start resting.
You hear the loud beating of a drum very nearby.
Found a stone staircase leading up.
Things that are here:
a +0 troll leather armour; a troll corpse A centaur comes into view.
Found a scroll of identify.
A centaur is nearby!
Things that are here:
a +0 troll leather armour; a troll corpse A cyclops comes into view.
Found a gate leading to a gauntlet.
Found 5 stones.
Found a stone staircase leading down.
The cyclops throws a large rock.
The large rock hits you!!!
Ouch! That really hurt!
You die...

........➘..>....
...............∩
...............░
................
..C...........░
░.[.........░ .░░ ░░
░░...........░░ .. ░.
░....Q........░░. ..░.
░░...░.░..........c ░.░.
░..░ ░░░........░.. ░...
░..░░░░..........<. ░..
░░░.░░.░░......?....░
.░.░..░░...........[........
........<...░░░....░░.).....
.....░░.....░ ░....░........
.░.░ ░.....░ ░░░.).).......


You could see a cyclops.

Vanquished Creatures
  A centaur warrior (D:11)
  A boulder beetle (D:10)
  2 two-headed ogres
  4 cyclopes (D:11)
  A gargoyle (D:10)
  A komodo dragon (D:11)
  A queen bee (D:8)
  3 trolls
  A hornet (D:9)
  The ghost of senseless the Sneak, an amateur OpMo (D:5)
  6 wraiths
  A vampire (D:9)
  A wyvern (D:9)
  21 yaks
  A vampire mosquito (D:11)
  2 wargs (D:9)
  An acid dragon (D:11)
  5 water moccasins
  An ice beast (D:6)
  A sky beast (D:6)
  6 orc warriors
  2 ogres
  A centaur (D:10)
  A phantom (D:4)
  A necrophage (D:6)
  A gnoll sergeant (D:11)
  5 bullfrogs
  3 scorpions
  A water moccasin zombie (D:5)
  6 wights
  A water moccasin skeleton (D:5)
  7 killer bees (D:8)
  3 howler monkeys (D:8)
  A jelly (D:7)
  3 orc priests
  A gnoll bouda (D:5)
  A centaur skeleton (D:5)
  2 hounds (D:6)
  An iguana (D:5)
  4 orc wizards
  11 gnolls
  4 adders
  A shadow imp (D:5)
  An ufetubus (D:7)
  3 worms (D:2)
  5 dart slugs
  32 orcs
  6 ball pythons
  6 endoplasms
  4 giant cockroaches
  3 hobgoblins
  5 quokkas
  5 bats
  3 frilled lizards (D:2)
  8 goblins
  2 kobolds
  6 rats
212 creatures vanquished.

Vanquished Creatures (collateral kills)
  A boulder beetle (D:8)
  An orc knight (Bailey)
  A manticore (D:11)
  A gargoyle (D:10)
  A kobold demonologist (D:11)
  A komodo dragon (D:10)
  2 trolls (D:11)
  3 shadows
  9 yaks
  A vampire (D:9)
  A vampire mosquito (D:11)
  A warg (D:9)
  An orc warrior (D:10)
  A sky beast (D:6)
  A scorpion (D:5)
  2 wights (D:9)
  8 killer bees (D:8)
  A bullfrog zombie (D:5)
  4 orc priests
  A jelly (D:8)
  4 orc wizards
  8 gnolls
  3 adders
  8 orcs
  A ball python (D:1)
  A giant cockroach (D:1)
  A goblin (D:1)
  2 hobgoblins (D:1)
  A rat (D:1)
71 creatures vanquished.

Vanquished Creatures (others)
  2 gargoyles
  An orc wizard (D:9)
  15 plants
18 creatures vanquished.

Grand Total: 301 creatures vanquished

Notes
Turn   | Place    | Note
-------+----------+-------------------------------------------
     0 | D:1      | utis the Tengu Summoner began the quest for the Orb.
     0 | D:1      | Reached XP level 1. HP: 10/10 MP: 4/4
   226 | D:1      | Reached skill level 5 in Summonings
   246 | D:1      | Reached XP level 2. HP: 14/16 MP: 6/6
   362 | D:1      | Reached skill level 1 in Fighting
   577 | D:1      | Found a faded altar of an unknown god.
   633 | D:1      | Learned a level 2 spell: Call Imp
  1105 | D:2      | Reached XP level 3. HP: 20/20 MP: 7/7
  1109 | D:2      | Learned a level 3 spell: Call Canine Familiar
  1466 | D:1      | Reached XP level 4. HP: 13/26 MP: 2/8
  1995 | D:2      | Found a sacrificial altar of Ru.
  2334 | D:3      | Gained mutation: Your magical nature lets you fly swiftly
                  | and evasively. [Tengu growth]
  2334 | D:3      | Reached XP level 5. HP: 27/30 MP: 9/9
  2851 | D:4      | Noticed an ogre
  2862 | D:4      | Killed an ogre
  2902 | D:4      | Reached XP level 6. HP: 36/36 MP: 6/10
  2957 | D:4      | Found a staircase to the Ecumenical Temple.
  3345 | D:4      | Learned a level 3 spell: Summon Guardian Golem
  3546 | D:5      | Entered Level 5 of the Dungeon
  3615 | D:5      | Found a transporter.
  3725 | D:4      | Reached XP level 7. HP: 32/41 MP: 6/11
  3855 | D:5      | Found a transporter.
  3876 | D:5      | Noticed senseless's ghost (amateur OpMo)
  4409 | D:5      | Learned a level 3 spell: Mephitic Cloud
  4492 | D:5      | Reached skill level 1 in Armour
  4495 | D:5      | Identified the +9 whip "Hinapt" {flame, rC+ Will+++ Int-2}
  4761 | D:6      | Reached skill level 1 in Hexes
  4962 | D:6      | Found a blossoming altar of Fedhas.
  5024 | D:6      | Reached XP level 8. HP: 48/48 MP: 7/13
  5457 | D:5      | Killed senseless's ghost
  5995 | D:6      | Reached skill level 1 in Maces & Flails
  6048 | D:6      | Reached skill level 5 in Fighting
  6048 | D:6      | Reached XP level 9. HP: 44/54 MP: 14/14
  7181 | D:7      | Reached skill level 5 in Armour
  7333 | D:8      | Reached skill level 10 in Summonings
  7410 | D:8      | Found a flagged portal.
  7664 | Bailey   | Entered a bailey
  7743 | Bailey   | Reached XP level 10. HP: 61/61 MP: 17/17
  8371 | Bailey   | Noticed an orc knight
  8507 | Bailey   | Killed an orc knight
  8729 | D:8      | Learned a level 4 spell: Summon Lightning Spire
  8767 | D:8      | You are sucked into a shaft and drop 2 floors!
  8767 | D:10     | Entered Level 10 of the Dungeon
  8846 | D:10     | Reached skill level 1 in Air Magic
  8863 | D:10     | Noticed a gargoyle
  8904 | D:10     | Reached skill level 1 in Polearms
  9110 | D:8      | Noticed a boulder beetle
  9845 | D:8      | Killed a boulder beetle
  9942 | D:9      | Found a staircase to the Lair.
 10027 | D:9      | Reached XP level 11. HP: 69/69 MP: 18/18
 10047 | D:9      | Reached skill level 5 in Air Magic
 10765 | D:9      | Reached skill level 5 in Polearms
 10898 | D:9      | Reached skill level 1 in Poison Magic
 11706 | D:10     | Noticed a boulder beetle
 11706 | D:10     | Noticed a two-headed ogre
 11849 | D:10     | Killed a two-headed ogre
 12192 | D:10     | Found Kachax's Antique Armour Shoppe.
 12327 | D:10     | Found a staircase to the Orcish Mines.
 12454 | D:10     | Killed a boulder beetle
 12589 | D:10     | Got the Quarto of Stormy Open Graves
 12889 | D:10     | Found the +6 shillelagh "Devastator" {shatter}
 13158 | D:11     | Reached skill level 1 in Conjurations
 13158 | D:11     | Reached XP level 12. HP: 77/77 MP: 13/19
 13348 | D:11     | Reached skill level 1 in Throwing
 13664 | D:11     | Reached skill level 5 in Dodging
 13669 | D:11     | Learned a level 4 spell: Summon Ice Beast
 13681 | D:11     | Reached skill level 10 in Fighting
 13876 | D:11     | Reached skill level 1 in Ice Magic
 13876 | D:11     | Noticed a centaur warrior
 13888 | D:11     | Killed a centaur warrior
 14277 | D:11     | Reached skill level 5 in Spellcasting
 14827 | D:12     | Noticed a two-headed ogre
 14832 | D:12     | Killed a two-headed ogre
 14858 | D:12     | Found a gate leading to a gauntlet.
 14860 | D:12     | Hit by a large rock thrown by a cyclops

Illustrated notes

Levels and vault maps discovered:
D:1:      dpeg_arrival_concentric_ovals, layout_loops_ring,
          ebering_ecumenical_altar_sacrificial
D:2:      layout_basic, basic_altar, nicolae_hexahallways, grunt_decor_junction,
          minmay_octomino_c4
D:3:      layout_basic
D:4:      layout_loops_ring, minmay_temple_entry_proselytizer
D:5:      layout_basic, gammafunk_ghost_mausoleum
D:6:      layout_rooms, mainiacjoe_overflow_boulevard, serial_co_window_serial,
          co_window_paths_b, co_window_of_opportunity_a, co_window_corner_a,
          co_window_paths_a, co_window_corner_a, co_window_broadway_a,
          co_window_broadway_b, co_window_of_opportunity_c, co_window_paths_c,
          co_window_corner_cb, co_window_cross_4, glass_columns_c
D:7:      layout_basic
D:8:      layout_basic, enter_bailey_6, hangedman_decor_riveting,
          nicolae_looking_at_the_future
D:9:      layout_roguey, erik_lair_orcish_takeover
D:10:     layout_grid_maze, orc_0_dummy, serial_shops, nicolae_lakefront_shop,
          dilly_guarded_unrand_devastator
D:11:     kennysheep_six_static_rooms, layout_rooms, dreamdust_wishing_well,
          minmay_increasing_density
D:12:     kennysheep_windowed_halls, layout_cave_pools, gauntlet_entry_generic

Skill      XL: |  1  2  3  4  5  6  7  8  9 10 11 12 |
---------------+-------------------------------------+-----
Summonings     | 5 6 7 8 9 10 | 10.0
Fighting       | 1 2 3 5 6 8 9 10 | 10.4
Dodging        | 3 4 6 |  6.0
Spellcasting   | 3 4 5 |  5.3
Armour         | 2 4 6 8 9 |  9.8
Hexes          | 1 2 3 |  3.0
Maces & Flails | 1 2 |  2.0
Air Magic      | 4 7 9 |  9.0
Polearms       | 3 6 |  6.3
Poison Magic   | 3 |  3.0
Conjurations   | 1 4 |  4.7
Throwing       | 2 |  2.0
Ice Magic      | 2 |  2.4
Stealth        | |  2.0

Action                     |  1- 3 |  4- 6 |  7- 9 | 10-12 || total
---------------------------+-------+-------+-------+-------++-------
  Melee: Unarmed           |     9 |       |       |       ||     9
         Peck              |     7 |    12 |    33 |    82 ||   134
         Quarterstaff      |    55 |    81 |    59 |       ||   195
         Kick              |    12 |    17 |    56 |   124 ||   209
         Whip              |       |       |   132 |       ||   132
         Halberd           |       |       |    16 |   410 ||   426
         Punch             |       |       |     1 |       ||     1
  Throw: Stone             |       |     1 |     1 |     1 ||     3
   Cast: Summon Small Mamm |    14 |    13 |     7 |     1 ||    35
         Call Imp          |     2 |     4 |     8 |    12 ||    26
         Call Canine Famil |       |     6 |    19 |    37 ||    62
         Summon Guardian G |       |       |     2 |     7 ||     9
         Summon Lightning  |       |       |       |    20 ||    20
         Summon Ice Beast  |       |       |       |     6 ||     6
    Use: Scroll            |     7 |     5 |     5 |     5 ||    22
         Potion            |       |       |       |     2 ||     2
   Stab: Sleeping          |     2 |       |     2 |     4 ||     8
         Distracted        |       |       |     4 |     9 ||    13
 Armour: Robe              |     5 |       |       |       ||     5
         Ring mail         |     9 |    19 |    41 |    95 ||   164
  Dodge: Dodged            |    49 |    76 |   201 |   413 ||   739

Table legend: (Time is in decaauts)
 A = Elapsed time spent in this place.
 B = Non-inter-level travel time spent in this place.
 C = Inter-level travel time spent in this place.
 D = Time resting spent in this place.
 E = Time spent auto-exploring this place.
 F = Levels seen in this place.
 G = Mean time per level.
                   A        B        C        D        E       F      G
               +--------+--------+--------+--------+--------+-----+--------+
         Total |  14393 |  13665 |    728 |   4010 |   6593 |  13 | 1107.2 |
       Dungeon |  13370 |  12642 |    728 |   3335 |   6478 |  12 | 1114.2 |
        Bailey |   1022 |   1022 |      0 |    675 |    115 |   1 | 1022.0 |
               +--------+--------+--------+--------+--------+-----+--------+

Top non-repeatable levels by time:
    D:10: 1729 daAuts
     D:9: 1589 daAuts
    D:11: 1518 daAuts
     D:6: 1513 daAuts
     D:4: 1179 daAuts
     D:8: 1094 daAuts
     D:2: 1026 daAuts
     D:7: 1023 daAuts
  Bailey: 1022 daAuts
     D:1: 1009 daAuts
     D:5: 975 daAuts
     D:3: 648 daAuts
    D:12: 61 daAuts
